 Dungeon Crawl Stone Soup version 0.29-a0-334-gb41bcbb86e (webtiles) character file.

Game seed: 5688463898687165260

5824 lunkers the Geomancer (level 11, -4/68 HPs)
             Began as a Formicid Earth Elementalist on Apr 12, 2022.
             Was a Follower of Vehumet.
             Killed by divine providence
             ... invoked by an orc priest
              (16 damage)
             ... on level 8 of the Dungeon on Apr 13, 2022.
             The game lasted 00:12:42 (9931 turns).

lunkers the Geomancer (Formicid Earth Elementalist) Turns: 9931, Time: 00:12:42

Health: -4/68      AC:  7    Str: 13    XL:     11   Next: 7%
Magic:  12/23      EV: 11    Int: 19    God:    Vehumet [*.....]
Gold:   472        SH: 13    Dex: 11    Spells: 20/26 levels left

rFire   . . .      SeeInvis +   d - staff of earth
rCold   . . .      Faith    .   m - +3 warlock's mirror {reflect}
rNeg    . . .      Spirit   .   x - +3 leather armour {rPois}
rPois   +          Reflect  +   (helmet unavailable)
rElec   .          Harm     .   B - +0 cloak
rCorr   .          Rampage  .   (no gloves)
Will    +....                   (no boots)
Stlth   ++........              h - amulet of reflection
HPRegen 0.21/turn               (no ring)
MPRegen 0.18/turn               (no ring)

@: no status effects
A: permanent stasis, dig shafts and tunnels, antennae 3, four strong arms
a: Dig, Shaft Self, Renounce Religion


You were on level 8 of the Dungeon.
You worshipped Vehumet.
Vehumet was aware of your devotion.
You visited 2 branches of the dungeon, and saw 9 of its levels.

You collected 472 gold pieces.

Inventory:

Hand Weapons
 e - a +3 dagger of speed
Missiles
 a - 173 stones
 s - 2 throwing nets
Armour
 m - the +3 warlock's mirror (worn) {reflect}
   (You acquired it on level 3 of the Dungeon)

   It can block and reflect piercing ranged attacks and magical attacks against
   the wielder's willpower.
 q - a +1 robe of fire resistance
 w - +0 steam dragon scales
 x - a +3 leather armour of poison resistance (worn)
 B - a +0 cloak (worn)
Magical Staves
 d - a staff of earth (weapon)
Jewellery
 h - an amulet of reflection (around neck)
Wands
 o - a wand of polymorph (6)
 u - a wand of digging (1)
 y - a wand of paralysis (11)
 A - a wand of flame (26)
Scrolls
 b - a scroll of amnesia
 i - 4 scrolls of identify
 v - a scroll of enchant weapon
 z - a scroll of silence
Potions
 c - 3 potions of magic
 f - 3 potions of heal wounds
 j - 6 potions of curing
 k - 3 potions of might
 l - 3 potions of cancellation
 n - 4 potions of lignification
 p - 3 potions of mutation
 r - a potion of brilliance
 t - 3 potions of flight


   Skills:
 - Level 1.7 Dodging
 - Level 2.4 Stealth
 - Level 5.0 Shields
 + Level 8.0 Spellcasting
 + Level 6.7 Conjurations
 - Level 1.1 Transmutations
 * Level 13.4 Earth Magic


You had 20 spell levels left.
You knew the following spells:

 Your Spells              Type           Power      Damage    Failure   Level
a - Stone Arrow           Conj/Erth      100%       3d13      1%          3
b - Passwall              Tmut/Erth      42%        N/A       1%          2
c - Sandblast             Erth           100%       2d20      1%          1

Your spell library contained the following spells:

 Spells                   Type           Power      Damage    Failure   Level
 Magic Dart               Conj           100%       1d8       1%          1
 Petrify                  Tmut/Erth      51%        N/A       7%          4
 Corpse Rot               Necr/Air       14%        N/A       22%         2
 Dispel Undead            Necr           7%         3d8       80%         4
 Summon Ice Beast         Ice/Summ       7%         N/A       80%         4
 Summon Mana Viper        Hex/Summ       7%         N/A       98%         5
 Death Channel            Necr           3%         N/A       100%        6
 Monstrous Menagerie      Summ           3%         N/A       100%        7


Dungeon Overview and Level Annotations

Branches:
Dungeon (8/15)             Temple (1/1) D:6
   Lair: D:8-11

Altars:
Ashenzari
Dithmenos
Elyvilon
Fedhas
Gozag
Hepliaklqana
Kikubaaqudgha
Makhleb
Nemelex Xobeh
Okawaru
Qazlal
Ru
Sif Muna
Trog
Uskayaw
Vehumet
Wu Jian
Xom
Yredelemnul
Zin
The Shining One
Lugonu


Innate Abilities, Weirdness & Mutations

You cannot be hasted, slowed, berserked, paralysed or teleported.
You can dig through walls and to a lower floor.
You have a pair of large antennae on your head. (SInv)
Your four strong arms can wield two-handed weapons with a shield.


Message History

The orc warrior barely misses you.
The orc warrior attacks as you move away!
The orc warrior hits you but does no damage.
The orc warrior attacks as you move away!
You block the orc warrior's attack.
You feel your willpower return.
The orc warrior attacks as you move away!
The orc warrior hits you with a +0 battleaxe!
* * * LOW HITPOINT WARNING * * *
The orc warrior attacks as you move away!
The orc warrior hits you with a +0 battleaxe.
* * * LOW HITPOINT WARNING * * *
The orc warrior attacks as you move away!
The orc warrior closely misses you.
The orc warrior attacks as you move away!
The orc warrior closely misses you. You block the orc warrior's attack.
Unknown command.
The orc warrior attacks as you move away!
You block the orc warrior's attack.
The orc warrior attacks as you move away!
The orc warrior barely misses you.
The orc priest calls down the wrath of Beogh upon you.
Beogh smites you!
* * * LOW HITPOINT WARNING * * *
The orc warrior hits you with a +0 battleaxe!
* * * LOW HITPOINT WARNING * * *
Casting: Stone Arrow (safe; 1% risk of failure)
Confirm with . or Enter, or press ? or * to list all spells.
Aiming: Passwall (safe; 1% risk of failure)
Press: ? - help, Dir - move target A rock wall.
You feel a surge of power!
The orc warrior hits you with a +0 battleaxe.
* * * LOW HITPOINT WARNING * * *
The orc priest looks encouraged for a moment.
You begin to meditate on the wall.
You continue meditating on the rock.
The orc priest invokes the aid of Beogh against you.
Beogh smites you!
You die...

.........##..#
.........##..# ###
......######o# #.#
....).# #.## #.#
......#
##..#######.#
#######
#..oo.......#
#.#..o.####.######
#.#..#.#....#....#
..##.o@##.###.##.#
###
#...#..)<#.##.#
#...#..))#.##.#
#...##..##.##.#
.....#......##.#
......###.......#
.......>#
#########
........#
......Y.#


You could see an orc warrior, an orc priest and 2 orcs.

Vanquished Creatures
  Maurice (D:8)
  A cyclops (D:7)
  Sigmund (D:6)
  6 yaks
  A wraith (D:7)
  A steam dragon (D:7)
  Menkaure (D:7)
  A water moccasin (D:6)
  3 sky beasts
  5 ice beasts
  3 centaurs
  3 ogres
  A phantom (D:7)
  2 kobold brigands (D:7)
  6 bullfrogs
  3 necrophages
  3 scorpions
  5 wights (D:7)
  4 howler monkeys
  3 jellies
  Crazy Yiuf (D:6)
  3 orc priests
  7 hounds
  Jessica (D:3)
  8 iguanas
  8 orc wizards
  Terence (D:3)
  3 adders
  4 gnolls (D:2)
  A river rat (D:6)
  A shadow imp (D:8)
  A white imp (D:7)
  3 ufetubi
  4 worms
  3 dart slugs
  23 orcs
  An endoplasm (D:4)
  2 giant cockroaches
  9 goblins
  6 hobgoblins
  9 jackals
  5 quokkas
  4 ball pythons
  4 bats
  3 frilled lizards
  18 kobolds
  7 rats
  A spectral kobold (D:5)
195 creatures vanquished.

Vanquished Creatures (others)
  A goblin (D:4)
1 creature vanquished.

Grand Total: 196 creatures vanquished

Notes
Turn   | Place    | Note
-------+----------+-------------------------------------------
     0 | D:1      | lunkers the Formicid Earth Elementalist began the quest for
                  | the Orb.
     0 | D:1      | Reached XP level 1. HP: 13/13 MP: 3/3
   177 | D:1      | Reached skill level 4 in Earth Magic
   239 | D:1      | Reached XP level 2. HP: 19/19 MP: 1/5
   562 | D:1      | Found a faded altar of an unknown god.
   670 | D:1      | Reached XP level 3. HP: 24/24 MP: 3/6
  1210 | D:2      | Learned a level 2 spell: Passwall
  1214 | D:2      | Learned a level 3 spell: Stone Arrow
  1701 | D:2      | Reached skill level 5 in Earth Magic
  1701 | D:2      | Reached XP level 4. HP: 30/30 MP: 6/8
  2280 | D:3      | Reached skill level 1 in Conjurations
  2280 | D:3      | Reached XP level 5. HP: 35/35 MP: 7/9
  2400 | D:3      | Noticed Terence
  2406 | D:3      | Killed Terence
  2408 | D:3      | Reached skill level 6 in Earth Magic
  2492 | D:3      | Reached XP level 6. HP: 41/41 MP: 9/11
  2604 | D:3      | Found a glowing silver altar of Zin.
  2622 | D:3      | Noticed Jessica
  2630 | D:3      | Killed Jessica
  2886 | D:3      | Found an opulent altar of Gozag.
  3045 | D:3      | Identified 2 scrolls of acquirement
  3045 | D:3      | Acquired a staff of earth
  3048 | D:3      | Acquired the +3 warlock's mirror {reflect}
  3048 | D:3      | Found the +3 warlock's mirror {reflect}
  3413 | D:4      | Reached skill level 1 in Shields
  3413 | D:4      | Reached XP level 7. HP: 44/46 MP: 2/13
  3450 | D:4      | Reached skill level 7 in Earth Magic
  4146 | D:5      | Entered Level 5 of the Dungeon
  4339 | D:5      | Reached XP level 8. HP: 52/52 MP: 2/14
  4471 | D:5      | Found a shimmering altar of Xom.
  4611 | D:5      | Reached skill level 8 in Earth Magic
  4926 | D:5      | Found a shadowy altar of Dithmenos.
  4926 | D:5      | Found a bloodstained altar of Trog.
  4935 | D:5      | Found a sparkling altar of Nemelex Xobeh.
  4937 | D:5      | Found a faded altar of an unknown god.
  4939 | D:5      | Found a faded altar of an unknown god.
  4988 | D:5      | Reached skill level 5 in Spellcasting
  5556 | D:5      | Found a hazy altar of Hepliaklqana.
  5615 | D:5      | Found a blossoming altar of Fedhas.
  5733 | D:6      | Reached skill level 9 in Earth Magic
  5778 | D:6      | Noticed Sigmund
  5782 | D:6      | Killed Sigmund
  5783 | D:6      | Reached XP level 9. HP: 57/57 MP: 9/17
  6302 | D:6      | Reached skill level 5 in Shields
  6360 | D:6      | Found a staircase to the Ecumenical Temple.
  6696 | Temple   | Entered the Ecumenical Temple
  6804 | Temple   | Became a worshipper of Vehumet
  6935 | D:6      | Reached skill level 10 in Earth Magic
  7110 | D:6      | Found a runed translucent door.
  7111 | D:6      | Noticed Crazy Yiuf
  7221 | D:6      | Killed Crazy Yiuf
  7653 | D:7      | Noticed Menkaure
  7658 | D:7      | Killed Menkaure
  7661 | D:7      | Reached skill level 5 in Conjurations
  7900 | D:7      | Reached skill level 11 in Earth Magic
  7900 | D:7      | Reached XP level 10. HP: 63/63 MP: 15/19
  8066 | D:7      | Found a sacrificial altar of Ru.
  8463 | D:7      | Reached skill level 12 in Earth Magic
  8594 | D:7      | Noticed a cyclops
  8597 | D:7      | Killed a cyclops
  8597 | D:7      | Reached * piety under Vehumet
  8597 | D:7      | Offered knowledge of Magic Dart by Vehumet.
  8605 | D:7      | Upgraded the game from 0.29-a0-330-g52719c12eb to
                  | 0.29-a0-334-gb41bcbb86e
  9218 | D:7      | Reached skill level 13 in Earth Magic
  9512 | D:8      | Found an ancient bone altar of Kikubaaqudgha.
  9709 | D:8      | Noticed Maurice
  9723 | D:8      | Killed Maurice
  9724 | D:8      | Reached XP level 11. HP: 66/68 MP: 2/23
  9931 | D:8      | Killed from afar by an orc priest

Illustrated notes

Levels and vault maps discovered:
D:1:      spicycebolla_arrival_xxxplode, layout_basic,
          hellmonk_ecumenical_altar_heavens_door, serial_forest,
          infiniplex_forest_clump_small, infiniplex_forest_lined_3,
          infiniplex_forest_zigzag_1, infiniplex_forest_fountain,
          infiniplex_forest_end_double, infiniplex_forest_lined_room_2,
          infiniplex_forest_clump_small, infiniplex_forest_clump_medium,
          infiniplex_forest_clump_small, infiniplex_forest_clump_tiny,
          chequers_serial_rivers_micro_a, minmay_split_cup_large
D:2:      minmay_skewed_foursquare, layout_rooms
D:3:      layout_rooms, pdpol_temple_overflow_zin_treasury_gozag_greed,
          nrook_campfire, uniq_jessica, uniq_terence
D:4:      layout_cave_pools
D:5:      layout_basic, kennysheep_mini_moat,
          nicolae_hepliaklqana_monster_ancestors, amcnicky_altar_gilded,
          chequers_temple_overflow_minitemple
D:6:      layout_gridville, minmay_temple_entry_nine_rooms,
          gup_sewer_entry_spiral, uniq_sigmund, uniq_crazy_yiuf_cottage
D:7:      nzn_winding_woodlands_small
          [nzn_winding_woodlands_5x15_river_crossing,
          nzn_winding_woodlands_center_lodge,
          nzn_winding_woodlands_5x15_zeroes], layout_cave_pools,
          nicolae_overflow_crystal_walls, grunt_decor_mini_mirrors,
          uniq_menkaure
D:8:      layout_basic, mainiacjoe_overflow_brackets, centaur_isle, uniq_maurice
Temple:   kb_corrupted_temple

Skill      XL: |  1  2  3  4  5  6  7  8  9 10 |
---------------+-------------------------------+-----
Earth Magic    | 4 5 6 7 9 11 13 | 13.4
Spellcasting   | 3 4 5 6 8 |  8.0
Conjurations   | 1 2 3 5 6 |  6.7
Shields        | 1 2 4 5 |  5.0
Dodging        | |  1.7
Stealth        | |  2.4
Transmutations | |  1.1

Action                   |  1- 3 |  4- 6 |  7- 9 | 10-12 || total
-------------------------+-------+-------+-------+-------++-------
Melee: Dagger            |    20 |       |       |       ||    20
       Staff             |       |       |    19 |    28 ||    47
 Cast: Sandblast         |    48 |    59 |     4 |     6 ||   117
       Stone Arrow       |       |    10 |   104 |    75 ||   189
       Passwall          |       |       |       |     1 ||     1
  Use: Scroll            |       |    12 |     7 |     2 ||    21
Armor: Robe              |     3 |     2 |     3 |     4 ||    12
       Leather armour    |       |       |       |    14 ||    14
Dodge: Dodged            |    20 |    17 |    12 |    29 ||    78
Block: Other             |     4 |     7 |       |       ||    11
       Buckler           |       |       |    20 |    46 ||    66
       Reflection        |       |       |     8 |     9 ||    17

Table legend: (Time is in decaauts)
 A = Elapsed time spent in this place.
 B = Non-inter-level travel time spent in this place.
 C = Inter-level travel time spent in this place.
 D = Time resting spent in this place.
 E = Time spent auto-exploring this place.
 F = Levels seen in this place.
 G = Mean time per level.
                   A        B        C        D        E       F      G
               +--------+--------+--------+--------+--------+-----+--------+
         Total |   9976 |   9734 |    242 |    519 |   7932 |   9 | 1108.4 |
       Dungeon |   9850 |   9645 |    205 |    519 |   7856 |   8 | 1231.2 |
        Temple |    125 |     89 |     36 |      0 |     76 |   1 |  125.0 |
               +--------+--------+--------+--------+--------+-----+--------+

Top non-repeatable levels by time:
     D:7: 1964 daAuts
     D:5: 1586 daAuts
     D:6: 1507 daAuts
     D:1: 1292 daAuts
     D:4: 995 daAuts
     D:2: 948 daAuts
     D:3: 903 daAuts
     D:8: 651 daAuts
  Temple: 125 daAuts
